 Dungeon Crawl Stone Soup version 0.30-b1-2-g02819fbbbe (webtiles) character file.

Game seed: 13233892678698879275

5074 Flugkiller the Protected (level 10, -9/93 HPs)
             Began as a Minotaur Fighter on May 8, 2023.
             Was a High Priest of Okawaru.
             Killed from afar by a steam dragon (23 damage)
             ... with a ball of steam
             ... on level 10 of the Dungeon.
             The game lasted 00:04:10 (6537 turns).

Flugkiller the Protected (Minotaur Fighter)         Turns: 6537, Time: 00:04:10

Health: -9/93      AC: 15    Str: 31    XL:     10   Next: 31%
Magic:  8/12       EV:  8    Int:  5    God:    Okawaru [*****.]
Gold:   318        SH:  5    Dex: 10    Spells: 9/9 levels left

rFire   . . .        h - +5 hand axe
rCold   . . .        c - +0 buckler
rNeg    . . .        A - +0 plate armour
rPois   .            (helmet restricted)
rElec   .            (no cloak)
rCorr   .            (no gloves)
SInv    +            z - +0 pair of boots
Will    .....        (no amulet) Stlth
                     i - ring of see invisible
HPRegen 0.35/turn    e - +6 ring of strength
MPRegen 0.13/turn

%: no passive effects
@: finesse-ful
A: horns 2, retaliatory headbutt
a: Renounce Religion, Heroism, Finesse, Duel


You were on level 10 of the Dungeon.
You worshipped Okawaru.
Okawaru was extremely pleased with you.
You visited 2 branches of the dungeon, and saw 11 of its levels.

You collected 318 gold pieces.

Inventory:

Hand Weapons
 a - a +0 war axe
 h - a +5 hand axe (weapon)
   (You took it off a wight on level 7 of the Dungeon)
Missiles
 w - a throwing net (quivered)
Armour
 b - a +0 scale mail
 c - a +0 buckler (worn)
 z - a +0 pair of boots (worn)
   (You found it on level 4 of the Dungeon)
 A - a +0 plate armour (worn)
   (You took it off an orc warrior on level 7 of the Dungeon)
Jewellery
 e - a +6 ring of strength (right hand)
   (You found it on level 4 of the Dungeon)
 i - a ring of see invisible (left hand)
   (You found it on level 2 of the Dungeon)
Scrolls
 j - 3 scrolls of immolation
 l - a scroll of magic mapping
 p - a scroll of blinking {unknown}
 r - a scroll of identify
 s - 3 scrolls of fog
 t - a scroll of teleportation
 v - a scroll of fear
Potions
 d - 3 potions of might
 f - a potion of mutation {unknown}
 g - a potion of heal wounds {unknown}
 k - 4 potions of cancellation
 n - a potion of resistance
 o - a potion of flight {unknown}
 q - 3 potions of curing
 u - 2 potions of invisibility


   Skills:
 * Level 9.9 Fighting
 * Level 9.6 Axes
 * Level 10.0 Armour
 + Level 7.4 Shields
 + Level 4.9 Invocations


You had 9 spell levels left.
You didn't know any spells.
Your spell library was empty.

Dungeon Overview and Level Annotations

Branches:
Dungeon (11/15)            Temple (1/1) D:6
   Lair: D:8-11         Orc: D:9-12

Altars:
Ashenzari
Cheibriados
Dithmenos
Elyvilon
Kikubaaqudgha
Okawaru
Qazlal
Ru
Sif Muna
Yredelemnul
Zin

Shops:
D:4 !   D:6 (


Innate Abilities, Weirdness & Mutations

You have a pair of horns on your head.
You reflexively headbutt those who attack you in melee.


Message History

You kill the orc warrior!
Okawaru accepts your kill.
You hit the orc priest.
You kill the orc priest!
Okawaru accepts your kill.
You hit the troll. You hit the troll.
The troll is almost dead.
You slash the troll!
You kill the troll!
Okawaru accepts your kill.
You can now enter into single combat with a foe.
Okawaru will now gift you equipment as you gain piety.
You block the orc's attack.
Your base Armour skill increases to level 10!
The orc closely misses you.
You hit the orc. Your headbutt misses the orc.
The orc is almost dead.
You barely miss the orc. You headbutt the orc.
You kill the orc!
Okawaru accepts your kill.
The two-headed ogre hits you with a +0 giant club!
You block the two-headed ogre's attack.
You barely miss the two-headed ogre. You headbutt the two-headed ogre.
The two-headed ogre is lightly wounded.
You barely miss the steam dragon.
The steam dragon bites you but does no damage.
The steam dragon claws you but does no damage.
You barely miss the two-headed ogre. You headbutt the two-headed ogre.
The two-headed ogre is lightly wounded.
You closely miss the steam dragon. You slash the two-headed ogre!
The two-headed ogre is moderately wounded.
You closely miss the steam dragon.
The two-headed ogre hits you with a +0 giant club!
The two-headed ogre hits you but does no damage.
You are too injured to fight recklessly!
You are too injured to fight recklessly!
You are too injured to fight recklessly!
You barely miss the two-headed ogre.
Your headbutt misses the two-headed ogre.
The two-headed ogre is moderately wounded.
You hit the steam dragon. You barely miss the two-headed ogre.
You headbutt the two-headed ogre.
The two-headed ogre is moderately wounded.
You hit the steam dragon but do no damage.
The steam dragon barely misses you. You furiously retaliate!
You headbutt the steam dragon!
The steam dragon claws you but does no damage.
An acid dragon comes into view.
The acid dragon roars!
You hit the two-headed ogre.
The two-headed ogre is heavily wounded.
You slash the steam dragon! You hit the two-headed ogre.
The two-headed ogre is heavily wounded.
You hit the steam dragon but do no damage.
You hit the two-headed ogre.
The two-headed ogre is heavily wounded.
You hit the steam dragon but do no damage.
You feel like a meek peon again. The steam dragon breathes steam at you.
The ball of steam hits you!
* * * LOW HITPOINT WARNING * * *
The two-headed ogre hits you with a +0 giant club.
* * * LOW HITPOINT WARNING * * *
The two-headed ogre hits you but does no damage.
You hear an angry hiss.
You hit the two-headed ogre.
The two-headed ogre is severely wounded.
You hit the steam dragon but do no damage.
You are engulfed in a cloud of scalding steam.
* * * LOW HITPOINT WARNING * * *
The two-headed ogre hits you with a +0 giant club!
* * * LOW HITPOINT WARNING * * *
The two-headed ogre closely misses you.
Unknown command.
You hit the two-headed ogre. You headbutt the two-headed ogre.
The two-headed ogre is severely wounded.
You completely miss the steam dragon.
The steam dragon bites you but does no damage.
You block the steam dragon's attack.
Unknown command.
Okay, then.
As you read the scroll of fear, it crumbles to dust.
You assume a fearsome visage.
The acid dragon looks frightened!
The steam dragon looks frightened!
The two-headed ogre looks frightened!
The steam dragon breathes steam at you. The ball of steam misses you.
Unknown command.
You completely miss the steam dragon. Your headbutt misses the steam dragon.
The steam dragon is severely wounded.
You are engulfed in a cloud of scalding steam.
Unknown command.
Unknown command.
You feel better.
The two-headed ogre howls in fear.
The steam dragon breathes steam at you. The ball of steam hits you!!
You die...

..~................
..~~~.....))........
.≈~≈~~....)>)>......
..≈~~.§§§)†.>.......
...~.....).).O......
......§.§).$.......~
......[...........~~
..........§§D....~≈≈
.......@§§........~~
.........~.........~
........~≈~.........
.......~~≈≈~......
........≈≈~.......
###......~.......
##............
#......8.8..


You could see a two-headed ogre (fleeing).

Vanquished Creatures
  2 trolls
  Sigmund (D:3)
  2 shadows
  A steam dragon (D:8)
  An acid dragon (D:10)
  2 water moccasins
  2 black bears (D:6)
  4 orc warriors
  3 ice beasts
  2 sky beasts
  4 ogres
  2 centaurs (D:5)
  A phantom (D:4)
  2 bullfrogs
  A scorpion (D:6)
  11 wights
  10 killer bees
  7 howler monkeys
  9 orc priests
  A hound (D:4)
  A gnoll bouda (D:5)
  Ijyb (D:4)
  3 iguanas
  3 orc wizards
  7 gnolls
  6 adders
  2 white imps (D:5)
  An ufetubus (D:5)
  2 dart slugs
  19 orcs
  6 endoplasms
  2 giant cockroaches
  3 goblins
  8 hobgoblins
  2 quokkas
  3 ball pythons
  6 bats
  2 frilled lizards
  8 kobolds
  5 rats
158 creatures vanquished.

Vanquished Creatures (others)
  55 fungi (D:7)
  13 plants
68 creatures vanquished.

Grand Total: 226 creatures vanquished

Notes
Turn   | Place    | Note
-------+----------+-------------------------------------------
     0 | D:1      | Flugkiller the Minotaur Fighter began the quest for the
                  | Orb.
     0 | D:1      | Reached XP level 1. HP: 19/19 MP: 0/0
   150 | D:1      | Reached XP level 2. HP: 27/27 MP: 1/1
   731 | D:2      | Reached skill level 4 in Armour
   767 | D:2      | Identified the +7 short sword of Ceaqi {freeze, rPois}
  1215 | D:3      | Reached XP level 3. HP: 17/34 MP: 2/2
  1341 | D:3      | Found a faded altar of an unknown god.
  1380 | D:3      | Prayed at the altar of an unknown god.
  1380 | D:3      | Became a worshipper of Warmaster Okawaru
  1380 | D:3      | Reached * piety under Okawaru
  1514 | D:3      | Noticed Sigmund
  1519 | D:3      | Reached XP level 4. HP: 27/41 MP: 3/3
  1559 | D:4      | Noticed a bullfrog
  1631 | D:4      | Killed a bullfrog
  1632 | D:4      | Reached XP level 5. HP: 40/47 MP: 4/4
  1775 | D:3      | Killed Sigmund
  1776 | D:3      | Reached skill level 5 in Fighting
  1776 | D:3      | Reached skill level 5 in Armour
  1776 | D:3      | Reached skill level 1 in Invocations
  1776 | D:3      | Reached XP level 6. HP: 47/56 MP: 5/5
  2390 | D:4      | Found a shadowy altar of Dithmenos.
  2635 | D:4      | Found Ibluijauk's Distillery.
  2688 | D:4      | Reached ** piety under Okawaru
  2689 | D:4      | Reached skill level 5 in Axes
  2761 | D:4      | Noticed Ijyb
  2799 | D:4      | Killed Ijyb
  2883 | D:4      | Reached XP level 7. HP: 61/62 MP: 7/7
  3020 | D:5      | Entered Level 5 of the Dungeon
  3127 | D:5      | Reached skill level 6 in Armour
  3418 | D:5      | Reached skill level 5 in Shields
  3512 | D:5      | Found a sacrificial altar of Ru.
  3686 | D:5      | Reached XP level 8. HP: 54/71 MP: 8/8
  3686 | D:5      | Reached *** piety under Okawaru
  3864 | D:5      | Reached skill level 7 in Armour
  4488 | D:6      | Reached **** piety under Okawaru
  4538 | D:6      | Reached skill level 8 in Armour
  4538 | D:6      | Found a staircase to the Ecumenical Temple.
  4547 | Temple   | Entered the Ecumenical Temple
  4645 | D:6      | Reached XP level 9. HP: 47/81 MP: 10/10
  5031 | D:6      | Found Henov's Weapon Boutique.
  5217 | D:6      | Received a gift from Okawaru
  5850 | D:7      | Reached skill level 9 in Armour
  5993 | D:7      | Found a stormy altar of Qazlal.
  6022 | D:7      | Noticed a five-headed hydra
  6023 | D:7      | Noticed a troll
  6026 | D:7      | Found a broken altar of Ashenzari.
  6054 | D:7      | Killed a troll
  6210 | D:8      | Reached XP level 10. HP: 50/91 MP: 12/12
  6461 | D:8      | You fall into a shaft and drop 3 floors!
  6481 | D:11     | Reached ***** piety under Okawaru
  6487 | D:10     | Entered Level 10 of the Dungeon
  6510 | D:10     | Noticed a two-headed ogre
  6518 | D:10     | Reached skill level 10 in Armour
  6531 | D:10     | HP: 3/93 [two-headed ogre/+0 giant club (15)]
  6537 | D:10     | Killed from afar by a steam dragon

Illustrated notes

Levels and vault maps discovered:
D:1:      saegor_arrival_miasma, layout_loops_ring
D:2:      layout_basic, serial_bayou_pond_a, hangedman_decor_diamond_cutter,
          minmay_misc_feat_tiny
D:3:      wander_river, layout_basic, chequers_ecumenical_altar_island,
          nrook_mini_vaults, minivault_24, minivault_19, uniq_sigmund
D:4:      layout_basic, nicolae_dithmenos_the_darkroom, serial_shops, shop,
          serial_park_tiny_2, amcnicky_mini_pool_small, uniq_ijyb
D:5:      layout_basic, nicolae_ru_the_path_less_chosen, kennysheep_dice
D:6:      layout_basic, minmay_temple_entry_junction_2, serial_shops, shop,
          serial_bayou_crossing
D:7:      layout_loops_ring, mainiacjoe_overflow_catch_the_wave,
          serial_bayou_pond_d, hellmonk_guarded_unrand_vines
D:8:      layout_loops_ring, mainiacjoe_overflow_small_starburst,
          dpeg_oklobed_lair, grunt_ministairs_9
D:10:     layout_big_octagon, trog_wizard, eat_drink_and_be_merry_uskayaw,
          serial_shops, nicolae_shop_tiny_statue_garden, trove_entry_hex_spiral
D:11:     layout_long_grid, kennysheep_orc_monster_closet_entryway,
          minmay_misc_feat_diagonals, uniq_gastronok, uniq_lodul, uniq_harold
Temple:   compressed_dpeg_circular_temple

Skill      XL: |  1  2  3  4  5  6  7  8  9 10 |
---------------+-------------------------------+-----
Fighting       | 4 5 6 8 9 |  9.9
Axes           | 3 4 5 6 7 9 |  9.6
Armour         | 4 5 6 8 9 10 | 10.0
Shields        | 4 5 6 7 |  7.4
Invocations    | 1 2 3 4 |  4.9

Action                     |  1- 3 |  4- 6 |  7- 9 | 10-12 || total
---------------------------+-------+-------+-------+-------++-------
  Melee: War axe           |    60 |    81 |   187 |       ||   328
         Headbutt          |     5 |    12 |    41 |     9 ||    67
         Unarmed           |       |     1 |       |       ||     1
         Hand axe          |       |       |    52 |    58 ||   110
 Invoke: Heroism           |       |       |     3 |     1 ||     4
         Finesse           |       |       |       |     1 ||     1
    Use: Scroll            |       |     4 |     6 |     1 ||    11
         Potion            |       |     2 |     1 |     1 ||     4
 Armour: Scale mail        |    23 |    15 |       |       ||    38
         Chain mail        |       |    34 |    95 |       ||   129
         Plate armour      |       |       |    37 |    30 ||    67
  Dodge: Dodged            |    30 |    45 |   128 |    17 ||   220
  Block: Buckler           |    15 |    15 |    66 |    14 ||   110
